 Dungeon Crawl Stone Soup version 0.16.1-28-gcc2312f (webtiles) character file.

164 sqallbeste the Skirmisher (level 5, -1/38 HPs)
             Began as a Demonspawn Abyssal Knight on June 4, 2015.
             Was a Believer of Lugonu.
             Killed by divine providence
             ... invoked by an orc priest
              (8 damage)
             ... on level 3 of the Dungeon.
             The game lasted 00:08:47 (2209 turns).

sqallbeste the Skirmisher (DsAK)                    Turns: 2209, Time: 00:08:47

Health: -1/38      AC: 10    Str: 13    XL:     5   Next: 21%
Magic:  6/6        EV: 10    Int: 13    God:    Lugonu [**....]
Gold:   58         SH:  0    Dex: 13    Spells: 0 memorised, 4 levels left

rFire  . . .     SeeInvis .     l - +2 mace (protect)
rCold  . . .     Clarity  .     f - +0 ring mail
rNeg   . . .     SustAb   .     (no shield)
rPois  .         Gourm    .     (no helmet)
rElec  .         Spirit   .     (no cloak)
rCorr  .         Warding  .     (no gloves)
rMut   .         Stasis   .     (no boots)
MR     +....                    (no amulet)
Stlth  +.........               (no ring)
                                (no ring)

@: somewhat resistant to hostile enchantments, very unstealthy
A: talons 1, blink 1, demonic guardian 1, frail 1, magic resistance 1
a: Blink, Depart the Abyss, Bend Space, Renounce Religion


You were on level 3 of the Dungeon.
You worshipped Lugonu.
Lugonu was pleased with you.
You were not hungry.

You visited 1 branch of the dungeon, and saw 4 of its levels.
You visited the Abyss 1 time.

You collected 58 gold pieces.

Inventory:

Hand weapons
 a - a +2 hand axe
 e - a +1 spear of venom
 j - a +0 mace of protection
 l - a +2 mace of protection (weapon)
Armour
 b - a +0 leather armour
 f - a +0 ring mail (worn)
Scrolls
 g - a scroll of blinking
Potions
 d - a potion of poison
Comestibles
 c - a bread ration
 h - 2 meat rations
 k - 2 fruits


   Skills:
 + Level 4.6 Fighting
 - Level 2.5(2.7) Axes
 * Level 1.1(2.0) Maces & Flails
 + Level 2.7 Armour
 - Level 0.8 Dodging
 + Level 0.6 Stealth
 - Level 2.4 Invocations


You had 4 spell levels left.
You didn't know any spells.

Dungeon Overview and Level Annotations

Branches:
Dungeon (4/15)
 Temple: D:4-7

Altars:
Makhleb

Annotations:
D:3 Natasha


Innate Abilities, Weirdness & Mutations

You have sharp toenails.
A weak demonic guardian rushes to your aid.
You can translocate small distances at will.
You are frail (-10% HP).
You are resistant to hostile enchantments.


Message History

The bat hits you but does no damage. The hobgoblin hits you with a club.
* * * LOW HITPOINT WARNING * * *
Natasha, Servant of Life and Death comes into view.
Natasha hisses angrily.
The bat hits you but does no damage. The orc hits you but does no damage.
The hobgoblin hits you but does no damage.
You climb downwards.
An adder comes into view.
Found four items.
There is a stone staircase leading up here.
The orc hits you with a club.
* * * LOW HITPOINT WARNING * * *
The hobgoblin hits you but does no damage.
You climb upwards.
Level annotation: Natasha Your white imp disappears in a puff of smoke!
The bat hits you but does no damage. The orc closely misses you.
The orc priest mumbles some strange prayers to Beogh against you.
Something smites you!
You die...

.... ..........#.#
................ . .
.....#.........### ...
.....#............
....###.#w.#.. .........
........#^.#.# #......
........#..#.#####......
##.#..§o.#w.#.....†......
.......b@g...............
........ooo.h............
..........###......####.
..........# #......# #.
..........# #......# #.
......#### #......# #.
..... #......# #. ....
#....... .. ... #...


You could see a worm, an orc priest, Natasha, 3 orcs, a hobgoblin and a bat.

Vanquished Creatures
  An orc priest (D:3)
  6 adders (D:2)
  A giant mite (D:2)
  A worm (D:2)
  A giant gecko (D:1)
  An ooze (D:2)
  2 orcs (D:3)
  4 bats
  4 giant cockroaches
  7 goblins
  4 hobgoblins
  3 jackals (D:2)
  4 quokkas (D:2)
  5 giant newts
  4 kobolds
  5 rats
53 creatures vanquished.

Vanquished Creatures (collateral kills)
  An orc priest (D:3)
  Natasha (D:3)
2 creatures vanquished.

Vanquished Creatures (others)
  2 quasits (D:3)
  An iron imp (D:3)
  An ufetubus (D:3)
4 creatures vanquished.

Grand Total: 59 creatures vanquished

Notes
Turn   | Place    | Note
--------------------------------------------------------------
     0 | Abyss:1  | sqallbeste, the Demonspawn Abyssal Knight, began the quest for the Orb.
     0 | Abyss:1  | Reached XP level 1. HP: 18/18 MP: 1/1
    73 | D:1      | Escaped the Abyss
   135 | D:1      | Gained mutation: You have sharp toenails. [demonic ancestry]
   135 | D:1      | Reached XP level 2. HP: 12/24 MP: 2/2
   680 | D:2      | Reached XP level 3. HP: 7/30 MP: 4/4
   684 | D:2      | Gained mutation: You are frail (-10% HP). [potion of mutation]
   684 | D:2      | Gained mutation: You can translocate small distances at will. [potion of mutation]
   684 | D:2      | Gained mutation: You are resistant to hostile enchantments. [potion of mutation]
   822 | D:2      | Acquired Lugonu's second power
   866 | D:2      | Reached skill level 4 in Fighting
  1210 | D:2      | Found a burning altar of Makhleb.
  1293 | D:2      | Gained mutation: A weak demonic guardian rushes to your aid. [demonic ancestry]
  1293 | D:2      | Reached XP level 4. HP: 23/33 MP: 5/5
  2117 | D:3      | Reached XP level 5. HP: 15/38 MP: 6/6
  2174 | D:3      | Noticed Natasha
  2184 | D:3      | Killed Natasha
  2184 | D:3      | Reached skill level 1 in Maces & Flails
  2206 | D:3      | Noticed Natasha
  2209 | D:3      | Killed from afar by an orc priest

Action                   |  1- 3 |  4- 6 || total
-------------------------+-------+-------++-------
Melee: Hand axe          |   126 |    61 ||   187
       Mace              |       |    29 ||    29
  Use: Scroll            |     3 |     1 ||     4
       Potion            |     1 |     2 ||     3
  Eat: Fruit             |     1 |     1 ||     2
       Bread ration      |       |     1 ||     1
